 Dungeon Crawl Stone Soup version 0.28-a0-577-gb193047a1f (webtiles) character file.

Game seed: 3433882850736824252

276 iamoutofideas the Cleaver (level 6, -1/51 HPs)
             Began as a Hill Orc Berserker on Oct 2, 2021.
             Was a Believer of Trog.
             Slain by an orc wizard (3 damage)
             ... on level 3 of the Dungeon.
             The game lasted 00:01:55 (1627 turns).

iamoutofideas the Cleaver (Hill Orc Berserker)      Turns: 1627, Time: 00:01:55

Health: -1/51      AC:  4    Str: 22    XL:     6   Next: 25%
Magic:  6/6        EV: 11    Int:  7    God:    Trog [**....]
Gold:   83         SH:  0    Dex: 10    Spells: 5/5 levels left

rFire   . . .      SeeInvis .   a - +0 hand axe
rCold   . . .      Faith    +   (no shield)
rNeg    . . .      Spirit   .   n - +0 leather armour
rPois   .          Reflect  .   (no helmet)
rElec   .          Harm     .   (no cloak)
rCorr   .          Rampage  .   (no gloves)
Will    .....                   d - +0 pair of boots
Stlth   +.........              m - amulet of faith
HPRegen 0.17/turn               (no ring)
MPRegen 0.10/turn               (no ring)

@: brilliant, on berserk cooldown, hasted and slowed
A: no striking features
a: Renounce Religion, Berserk, Trog's Hand


You were on level 3 of the Dungeon.
You worshipped Trog.
Trog was pleased with you.
You visited 1 branch of the dungeon, and saw 3 of its levels.

You collected 83 gold pieces.

Inventory:

Hand Weapons
 a - a +0 hand axe (weapon)
Armour
 b - a +0 animal skin
 d - a +0 pair of boots (worn)
 k - a +0 plate armour
 n - a +0 leather armour (worn)
Jewellery
 m - an amulet of faith (around neck)
Scrolls
 c - a scroll of vulnerability {unknown}
 e - a scroll of fear {unknown}
 g - 2 scrolls of noise {unknown}
 h - a scroll of blinking {unknown}
 i - a scroll of summoning {unknown}
 j - a scroll of fog {unknown}


   Skills:
 - Level 3.6 Fighting
 + Level 9.0 Axes
 - Level 2.1 Armour
 - Level 1.5 Dodging


You had 5 spell levels left.
You didn't know any spells.
Your spell library was empty.

Dungeon Overview and Level Annotations

Branches:
Dungeon (3/15)

Altars:
Ru


Message History

Something hits you.
Items here: $ )) [ ††.
You feel a strong urge to attack something.
Something hits you but does no damage.
You closely miss something. You barely miss something.
Something hits you but does no damage.
Items here: $ )) [ ††.
You feel a strong urge to attack something.
You are no longer berserk.
You are exhausted.
You feel yourself slow down. Something hits you.
You feel less confused.
You hear some strange, mumbled words.
You are confused.
Something hits you.
You hear some strange, mumbled words.
A puff of flame appears from out of thin air!
The puff of flame hits you!
* * * LOW HITPOINT WARNING * * *
Okay, then.
Okay, then.
It was a potion of brilliance.
You feel clever all of a sudden. Something hits you but does no damage.
It was a potion of haste.
You feel yourself speed up. Something hits you.
* * * LOW HITPOINT WARNING * * *
Something hits you.
* * * LOW HITPOINT WARNING * * *
You're too confused to move!
You feel less confused. Something hits you but does no damage.
You barely miss something. Something hits you but does no damage.
You hit something but do no damage. Something hits you but does no damage.
You completely miss something. You hit something but do no damage.
Something hits you.
* * * LOW HITPOINT WARNING * * *
You miss something. Something hits you.
* * * LOW HITPOINT WARNING * * *
You closely miss something. Something hits you.
You die...

########## # #.........
####. #.###.#### .....
#.# #.##.# ...... #.#
#....#
......##########.###..#.#
.........{.......#......#
........@)).............#
#####.###################
# ######## #.......
######.###### #....#.#
#.##.#.# #.:....######


There were no monsters in sight!

Vanquished Creatures
  Sigmund (D:3)
  An orc wizard (D:3)
  An adder (D:3)
  3 gnolls (D:2)
  A worm (D:2)
  3 dart slugs
  4 orcs (D:3)
  A ball python (D:1)
  3 bats (D:1)
  5 endoplasms
  3 giant cockroaches (D:1)
  4 goblins
  A hobgoblin (D:2)
  3 jackals (D:1)
  2 kobolds (D:1)
  2 quokkas (D:1)
  3 frilled lizards (D:2)
  5 rats
46 creatures vanquished.

Notes
Turn   | Place    | Note
-------+----------+-------------------------------------------
     0 | D:1      | iamoutofideas the Hill Orc Berserker began the quest for
                  | the Orb.
     0 | D:1      | Reached XP level 1. HP: 19/19 MP: 1/1
   131 | D:1      | Reached XP level 2. HP: 19/26 MP: 2/2
   238 | D:1      | Reached skill level 5 in Axes
   238 | D:1      | Noticed a great orb of eyes
   240 | D:1      | Found a faded altar of an unknown god.
   243 | D:1      | Noticed a golden eye
   243 | D:1      | Noticed a golden eye
   243 | D:1      | Noticed a floating eye
   489 | D:1      | Reached XP level 3. HP: 31/31 MP: 3/3
   535 | D:1      | Reached ** piety under Trog
   722 | D:2      | Reached skill level 6 in Axes
   728 | D:2      | Reached XP level 4. HP: 11/39 MP: 4/4
  1019 | D:2      | Found a sacrificial altar of Ru.
  1419 | D:3      | Noticed Sigmund
  1429 | D:3      | Killed Sigmund
  1430 | D:3      | Reached skill level 8 in Axes
  1430 | D:3      | Reached XP level 5. HP: 45/45 MP: 5/5
  1430 | D:3      | Reached XP level 6. HP: 51/51 MP: 6/6
  1609 | D:3      | Reached skill level 9 in Axes
  1626 | D:3      | HP: 2/51 [something (1)]
  1627 | D:3      | Slain by an orc wizard

Illustrated notes

Levels and vault maps discovered:
D:1:      dpeg_arrival_tiny_k, layout_basic,
          hellmonk_ecumenical_altar_watching_god
D:2:      layout_rooms, basic_altar
D:3:      layout_basic, trog_hazing_becter, minmay_misc_feat_doors,
          nrook_campfire, uniq_sigmund

Skill      XL: |  1  2  3  4  5  6 |
---------------+-------------------+-----
Axes           | 5 6 8 9 |  9.0
Fighting       | |  3.6
Armour         | |  2.1
Dodging        | |  1.5

Action                   |  1- 3 |  4- 6 || total
-------------------------+-------+-------++-------
Melee: Hand axe          |    63 |    46 ||   109
Invok: Berserk           |     1 |     2 ||     3
  Use: Potion            |       |     2 ||     2
 Stab: Sleeping          |     1 |     1 ||     2
Armor: Animal skin       |    10 |     3 ||    13
       Leather armour    |       |     6 ||     6
Dodge: Dodged            |    48 |    11 ||    59

Table legend: (Time is in decaauts)
 A = Elapsed time spent in this place.
 B = Non-inter-level travel time spent in this place.
 C = Inter-level travel time spent in this place.
 D = Time resting spent in this place.
 E = Time spent auto-exploring this place.
 F = Levels seen in this place.
 G = Mean time per level.
                   A        B        C        D        E       F      G
               +--------+--------+--------+--------+--------+-----+--------+
         Total |   1634 |   1581 |     53 |    265 |   1043 |   3 |  544.7 |
       Dungeon |   1634 |   1581 |     53 |    265 |   1043 |   3 |  544.7 |
               +--------+--------+--------+--------+--------+-----+--------+

Top non-repeatable levels by time:
     D:1: 718 daAuts
     D:2: 670 daAuts
     D:3: 245 daAuts
